Map: Disco Bloodbath LE

Players

Kelazhur - Winner!

  • Race: Terran Terran
  • Spawn Location: 3:00

iGiAsonu

  • Race: Zerg Zerg
  • Spawn Location: 9:00

Event: NationWars 2019

VOD

Have the link to the VOD?

Description

Time

  • Played on: Nov. 13, 2019, 2:21 p.m.
  • Length: 11:50
Show
View Real Time Build Order
Export as new Build Order

Kelazhur Terran - Winner!

Build Orders: Reaper Expand, Mech 

Get SALT Encoding   

  12  0:00  SCV  
  13  0:13  SCV  
  14  0:17  Supply Depot  
  14  0:25  SCV  
  15  0:38  SCV  
  15  0:41  Barracks  
  16  0:43  Refinery  
  16  0:50  SCV  
  17  1:03  SCV  
  18  1:15  SCV  
  19  1:28  Orbital Command, Reaper  
  20  1:38  Command Center  
  20  1:43  Refinery  
  20  1:52  Supply Depot  
  20  1:54  SCV  
  20  2:00  Reaper  
  22  2:06  SCV  
  23  2:15  Factory  
  23  2:18  SCV  
  24  2:30  SCV  
  24  2:34  Barracks Reactor  
  25  2:42  SCV  
  26  2:51  Orbital Command  
  26  3:04  Starport  
  26  3:12  SCV  
  27  3:17  SCV  
  27  3:18  Hellion x2  
  32  3:21  Barracks Tech Lab  
  32  3:24  SCV  
  33  3:29  SCV  
  33  3:31  Supply Depot  
  34  3:36  SCV  
  35  3:42  SCV  
  35  3:44  Hellion x2  
  35  3:46  Fusion Core  
  39  3:48  SCV  
  39  3:54  SCV  
  41  4:00  SCV, Supply Depot  
  42  4:06  SCV, Hellion  
  42  4:07  Hellion  
  47  4:13  SCV  
  47  4:17  Supply Depot  
  48  4:18  SCV  
  49  4:25  SCV  
  49  4:30  SCV  
  51  4:33  Hellion x2  
  51  4:34  Battlecruiser  
  51  4:37  SCV  
  62  4:40  Command Center  
  62  4:48  SCV  
  62  4:49  Armory, SCV  
  64  4:56  Hellion x2  
  64  4:58  Supply Depot  
  67  5:00  SCV  
  67  5:03  SCV  
  67  5:04  Supply Depot  
  69  5:09  Supply Depot  
  69  5:12  SCV  
  70  5:19  Supply Depot  
  70  5:20  SCV  
  70  5:21  Hellion x2  
  75  5:24  SCV  
  76  5:28  Refinery x2  
  76  5:32  SCV  
  77  5:36  SCV  
  77  5:38  Battlecruiser  
  77  5:40  Barracks Tech Lab  
  84  5:45  SCV  
  84  5:47  Hellion x2  
  84  5:48  SCV  
  90  5:59  SCV  
  83  6:08  Hellion x2  
  79  6:14  Orbital Command, Marauder  
  79  6:17  SCV x2, Factory  
  79  6:18  Factory  
  79  6:24  Supply Depot  
  79  6:25  Terran Vehicle Weapons Level 1  
  79  6:29  SCV x2  
  79  6:30  Hellion x2  
  85  6:40  Orbital Command  
  85  6:41  SCV, Refinery  
  85  6:42  SCV  
  85  6:44  Refinery  
  87  6:53  Hellion x2  
  87  6:54  SCV x2, Starport Tech Lab  
  93  7:06  SCV  
  94  7:10  SCV x2  
  94  7:14  Hellion x2  
  98  7:23  Siege Tank  
  98  7:24  Siege Tank  
  98  7:25  SCV, Battlecruiser  
  111  7:31  SCV x2, Supply Depot  
  113  7:38  SCV  
  113  7:39  Factory  
  113  7:40  Factory  
  113  7:41  Supply Depot x2, Hellion x2  
  113  7:43  SCV  
  119  7:47  SCV, Weapon Refit  
  119  7:50  SCV  
  121  7:53  Engineering Bay  
  121  7:55  SCV  
  121  8:00  Siege Tank x2  
  127  8:13  Infernal Pre-Igniter, Hellion x2  
  127  8:14  Command Center  
  127  8:18  Supply Depot  
  131  8:21  Supply Depot  
  131  8:24  Factory Tech Lab, Supply Depot, Factory Reactor  
  131  8:26  Armory  
  127  8:37  Siege Tank x2  
  127  8:38  Hellion x2  
  137  8:43  SCV  
  137  8:46  SCV x2  
  137  8:47  Command Center  
  139  8:55  SCV  
  140  8:59  Missile Turret, SCV  
  133  9:03  Siege Tank, Hellion x3  
  133  9:04  Hellion  
  133  9:06  Terran Vehicle Weapons Level 2  
  133  9:09  SCV  
  145  9:11  Siege Tank  
  145  9:15  Supply Depot  
  148  9:22  Siege Tank  
  151  9:31  Hellion  
  151  9:32  Hellion x2  
  151  9:35  Siege Tank  
  151  9:38  Supply Depot x3  
  160  9:40  Supply Depot  
  160  9:48  Siege Tank  
  160  9:49  Mag-Field Accelerator  
  160  9:52  Hellion  
  165  9:54  Cyclone  
  168  10:06  Battlecruiser  
  168  10:07  Cyclone  
  168  10:13  Hellion  
  168  10:14  Hellion x2  
  177  10:17  SCV  
  178  10:23  Refinery x2  
  178  10:27  Cyclone  
  178  10:28  Cyclone  
  182  10:30  SCV  
  182  10:31  SCV  
  184  10:36  SCV  
  186  10:42  SCV  
  186  10:43  SCV  
  186  10:48  SCV, Cyclone, Hellion x2  
  191  11:00  Cyclone  
  191  11:03  Cyclone  
  195  11:06  Planetary Fortress  
  171  11:39  Factory  
  183  11:40  Factory  
  183  11:41  Factory  
  183  11:42  Command Center  
  183  11:43  Command Center  
Show
View Real Time Build Order
Export as new Build Order

iGiAsonu Zerg 

Build Orders: Hatch First 

Get SALT Encoding   

  12  0:01  Drone  
  13  0:14  Overlord  
  13  0:18  Drone  
  14  0:33  Drone x2  
  16  0:49  Hatchery  
  15  0:52  Drone  
  15  0:55  Drone  
  17  1:00  Drone  
  18  1:09  Extractor  
  17  1:15  Spawning Pool  
  17  1:17  Drone  
  17  1:20  Drone  
  18  1:30  Drone  
  19  1:42  Drone  
  20  1:53  Overlord  
  20  2:01  Queen  
  20  2:02  Queen  
  20  2:03  Zergling x4  
  26  2:19  Hatchery  
  26  2:22  Drone  
  26  2:26  Metabolic Boost  
  26  2:34  Drone  
  26  2:36  Drone  
  28  2:41  Drone  
  29  2:44  Queen  
  29  2:47  Drone  
  32  3:01  Drone  
  32  3:03  Overlord  
  32  3:05  Spore Crawler  
  32  3:08  Spore Crawler  
  32  3:09  Drone x2  
  32  3:11  Drone x2  
  35  3:19  Overlord  
  35  3:22  Queen  
  35  3:24  Drone x2  
  35  3:25  Drone  
  40  3:31  Pneumatized Carapace  
  40  3:39  Drone  
  40  3:44  Zergling x2  
  40  3:45  Zergling x6, Queen  
  40  3:46  Drone  
  46  3:50  Spore Crawler  
  46  3:51  Drone  
  46  3:55  Drone  
  46  4:01  Queen  
  48  4:03  Drone x3  
  48  4:09  Drone x2  
  53  4:17  Drone  
  53  4:18  Drone  
  53  4:22  Drone x2  
  57  4:27  Overlord  
  57  4:33  Overlord  
  57  4:39  Queen  
  57  4:40  Roach Warren  
  57  4:42  Overlord  
  57  4:44  Queen  
  60  4:46  Drone x5  
  65  4:55  Drone x5  
  70  5:03  Zergling x10  
  70  5:05  Drone  
  75  5:09  Spore Crawler  
  75  5:11  Spore Crawler  
  75  5:13  Spore Crawler  
  73  5:14  Drone  
  73  5:17  Lair  
  73  5:23  Roach x3  
  79  5:30  Roach  
  79  5:33  Extractor  
  79  5:34  Extractor, Overlord  
  79  5:37  Extractor  
  79  5:39  Extractor  
  77  5:43  Overlord  
  77  5:45  Overlord  
  77  5:56  Drone  
  77  5:57  Drone x10  
  82  6:00  Overlord  
  82  6:01  Drone  
  82  6:02  Drone x2  
  79  6:10  Drone x4  
  78  6:13  Drone  
  78  6:14  Drone  
  77  6:23  Nydus Network  
  77  6:24  Roach  
  78  6:27  Overlord  
  78  6:34  Roach x2  
  81  6:45  Overlord  
  81  6:48  Ravager x3  
  81  6:52  Roach x2  
  88  7:01  Overlord  
  86  7:03  Drone x5  
  86  7:08  Drone x2  
  91  7:09  Drone  
  91  7:13  Drone, Extractor  
  92  7:17  Drone  
  90  7:24  Drone  
  90  7:27  Drone x5  
  93  7:31  Drone x2  
  95  7:38  Drone x2  
  95  7:39  Infestation Pit  
  96  7:49  Drone  
  97  8:00  Overlord  
  97  8:01  Hatchery  
  97  8:03  Drone x7  
  102  8:05  Drone  
  102  8:10  Overlord  
  103  8:15  Roach x3  
  103  8:16  Baneling Nest  
  103  8:19  Overseer  
  108  8:21  Pathogen Glands  
  108  8:26  Glial Reconstitution, Overlord  
  108  8:31  Roach x2  
  108  8:32  Roach  
  112  8:34  Drone  
  112  8:35  Drone x2  
  115  8:49  Infestor x6  
  126  9:03  Centrifical Hooks, Overlord  
  126  9:07  Overlord  
  126  9:10  Overlord x2  
  126  9:23  Hive  
  123  9:25  Hatchery  
  123  9:26  Spire  
  123  9:30  Drone  
  123  9:31  Drone x2  
  122  9:33  Ravager x3  
  122  9:34  Ravager  
  122  9:35  Zergling x8  
  130  9:39  Evolution Chamber x2  
  128  9:48  Roach x2  
  120  10:08  Drone x6  
  120  10:09  Drone x3  
  129  10:17  Queen  
  129  10:19  Queen  
  130  10:21  Overlord  
  130  10:28  Overlord x2  
  130  10:34  Overlord  
  130  10:41  Extractor  
  129  10:44  Extractor  
  129  10:45  Spore Crawler  
  129  10:46  Spore Crawler, Corruptor x6  
  138  10:56  Drone x2  
  140  11:03  Corruptor  
  140  11:04  Corruptor  
  131  11:07  Drone  
  131  11:08  Drone x3  
  127  11:17  Roach x3  
Tags
 
Add a new tag
Caveats
  • Supply blocks, unpowered buildings, or Contaminate may cause inaccurate times.
  • Supply counts are checked every 10 seconds.